 Dungeon Crawl Stone Soup version 0.29.1-1-gd02db6906a (webtiles) character file.

Game seed: 1977456534483130422

4669 themarg the Devastator (level 10, -5/88 HPs)
             Began as a Tengu Conjurer on Sept 18, 2022.
             Was a Follower of Vehumet.
             Slain by an orc warrior
             ... wielding a +0 battleaxe
              (11 damage)
             ... on level 7 of the Dungeon.
             The game lasted 00:44:10 (10784 turns).

themarg the Devastator (Tengu Conjurer)            Turns: 10784, Time: 00:44:10

Health: -5/88      AC: 25    Str:  7    XL:     10   Next: 44%
Magic:  0/19       EV:  2    Int: 23    God:    Vehumet [*.....]
Gold:   397        SH:  0    Dex: 13    Spells: 9/20 levels left

rFire   . . .      SeeInvis .   w - +3 woodcutter's axe {vorpal}
rCold   . . .      Faith    .   (shield currently unavailable)
rNeg    . . .      Spirit   .   (body armour currently unavailable)
rPois   +          Reflect  .   (helmet currently unavailable)
rElec   .          Harm     .   (cloak currently unavailable)
rCorr   .          Rampage  .   (gloves currently unavailable)
Will    .....      NoTele   +   (boots unavailable)
Stlth   ++........              (no amulet)
HPRegen 0.24/turn               B - +4 ring of evasion
MPRegen 0.16/turn               G - ring of wizardry

@: tree-form
A: stationary, stasis, torment immunity, boosted hp, (beak), (talons 3), nimble
flight
a: Renounce Religion


You were on level 7 of the Dungeon.
You worshipped Vehumet.
Vehumet was aware of your devotion.
You were a tree.
You visited 2 branches of the dungeon, and saw 9 of its levels.

You collected 397 gold pieces.

Inventory:

Hand Weapons
 f - a +0 dagger
 w - the +3 woodcutter's axe (weapon) {vorpal}
   (You found it on level 3 of the Dungeon)

   It inflicts extra damage upon your enemies.
Missiles
 p - 13 poisoned darts
 z - a throwing net
 H - 5 atropa-tipped darts
Armour
 a - a +0 robe (melded)
 q - a +0 pair of gloves (melded)
Magical Staves
 k - a staff of fire
Jewellery
 B - a +4 ring of evasion (left branch)
 D - a ring of willpower
 F - a ring of protection from cold
 G - a ring of wizardry (right branch)
Wands
 x - a wand of light (4)
Scrolls
 d - 2 scrolls of noise {unknown}
 e - 2 scrolls of brand weapon {unknown}
 h - a scroll of amnesia {unknown}
 i - a scroll of fear {unknown}
 j - a scroll of blinking {unknown}
 l - 4 scrolls of enchant armour
 n - 2 scrolls of magic mapping {unknown}
 r - 4 scrolls of teleportation {unknown}
 t - 2 scrolls of fog {unknown}
 v - a scroll of enchant weapon {unknown}
 y - 3 scrolls of vulnerability {unknown}
 A - 2 scrolls of identify
 C - a scroll of immolation {unknown}
Potions
 b - 4 potions of magic
 g - 3 potions of invisibility
 m - a potion of degeneration
 o - 3 potions of heal wounds
 s - 2 potions of might {unknown}
 u - 2 potions of attraction
 E - 2 potions of resistance {unknown}


   Skills:
 - Level 5.0 Fighting
 - Level 5.0 Dodging
 - Level 3.0 Stealth
 + Level 5.5 Spellcasting
 + Level 15.3 Conjurations
 - Level 2.0 Hexes
 - Level 2.0 Translocations


You had 9 spell levels left.
You knew the following spells:

 Your Spells              Type           Power      Damage    Failure   Level
a - Magic Dart            Conj           100%       1d8       0%          1
b - Searing Ray           Conj           100%       2d8       1%          2
c - Fulminant Prism       Conj/Hex       23%        3d13      1%          4
d - Iskenderun's Mystic   Conj/Tloc      46%        2d10      1%          4

Your spell library contained the following spells:

 Spells                   Type           Power      Damage    Failure   Level
 Foxfire                  Conj/Fire      100%       2x1d9     1%          1
 Dazzling Flash           Conj/Hex       92%        N/A       1%          3
 Hailstorm                Conj/Ice       41%        3d10      1%          4
 Freeze                   Ice            24%        1d5       3%          1
 Necrotise                Necr           24%        1d5       3%          1
 Sting                    Tmut/Pois      24%        1d4       3%          1
 Poisonous Vapours        Pois/Air       12%        N/A       6%          2
 Frozen Ramparts          Ice            12%        1d2       11%         3
 Vampiric Draining        Necr           6%         2d6       11%         3
 Olgreb's Toxic Radiance  Pois           6%         N/A       32%         4
 Agony                    Necr           6%         N/A       65%         5


Dungeon Overview and Level Annotations

Branches:
Dungeon (8/15)             Temple (1/1) D:6
   Lair: D:8-11

Altars:
Ashenzari
Dithmenos
Fedhas
Gozag
Hepliaklqana
Kikubaaqudgha
Okawaru
Qazlal
Ru
Sif Muna
Trog
Uskayaw
Vehumet
Wu Jian
Xom
Zin
The Shining One

Annotations:
D:1 exclusion: downstairs
D:2 Sigmund


Innate Abilities, Weirdness & Mutations

You are a tree.
Your roots penetrate the ground, keeping you stationary.
You cannot be teleported.
You are immune to unholy pain and torment.
Your maximum health is greatly increased.
Your equipment is partially melded.
((You have a beak for a mouth.))
((You have claws for feet.))
Your magical nature lets you fly swiftly and evasively.


Message History

You erupt in a blast of force!
The mystic blast hits the orc warrior.
The orc warrior is heavily wounded.
The orc warrior is knocked back by the mystic blast.
You feel sick.
Casting: Iskenderun's Mystic Blast (mildly dangerous; 1% risk of failure)
Confirm with . or Enter, or press ? or * to list all spells.
Aiming: Searing Ray (safe; 1% risk of failure)
Press: ? - help, Shift-Dir - straight line, f - orc warrior
Aim: an orc warrior, wielding a +0 battleaxe and wearing a +0 plate armour (heavily wounded, 83% to hit)
The searing ray hits the orc warrior.
The orc warrior is heavily wounded. (Press . to maintain the ray.)
You feel sick.
The searing ray misses the orc warrior.
You feel sick.
The orc warrior hits you with a +0 battleaxe.
* * * LOW HITPOINT WARNING * * *
The searing ray misses the orc warrior.
You feel sick.
The orc warrior hits you but does no damage.
Casting: Searing Ray (safe; 1% risk of failure)
Confirm with . or Enter, or press ? or * to list all spells.
You erupt in a blast of force!
The mystic blast hits the orc warrior but does no damage.
The orc warrior is heavily wounded.
You feel sick.
The orc warrior hits you but does no damage.
Casting: Iskenderun's Mystic Blast (mildly dangerous; 1% risk of failure)
Confirm with . or Enter, or press ? or * to list all spells.
You erupt in a blast of force!
The mystic blast hits the orc warrior.
The orc warrior is severely wounded.
The orc warrior is knocked back by the mystic blast.
The orc warrior slams into the rock wall!
You feel sick.
You are no longer poisoned.
Casting: Iskenderun's Mystic Blast (mildly dangerous; 1% risk of failure)
Confirm with . or Enter, or press ? or * to list all spells.
You don't have enough magic to cast this spell.
You hit the orc warrior but do no damage.
The orc warrior is severely wounded.
The orc warrior hits you with a +0 battleaxe!
You die...

#########.#..#....#.#
..........#..#.##.#.#
..........#..#..#.#.#
.........##..#..#.#.# ###
##........#..#..#.#(# #..
#..#####.#..##.#.#.# #.. #..#
#.#.......#.#### #..
##..#####.##.##o.......# #..
............>..†♣......########..
............#[................'..
..............#........########..
##.#........#.#.............# #..
#.#........#.#.............# #..
#.#........#.#.............#####
#.#........#.#........##....#
#.#........#.#.############.###
#.#........#.#.############...##


You could see an orc warrior.

Vanquished Creatures
  A hornet (D:8)
  Prince Ribbit (D:5)
  5 yaks
  A steam dragon (D:6)
  Menkaure (D:7)
  A water moccasin (D:7)
  An ice beast (D:6)
  An orc warrior (D:7)
  A black bear (D:4)
  2 ogres
  4 centaurs
  2 phantoms
  2 bullfrogs
  A necrophage (D:6)
  A kobold brigand (D:8)
  3 scorpions
  14 wights
  8 killer bees
  A howler monkey (D:8)
  5 hounds
  2 jellies
  5 orc priests
  2 iguanas
  7 orc wizards
  Robin (D:3)
  6 adders
  2 shadow imps
  2 ufetubi
  2 worms
  A dart slug (D:4)
  20 orcs
  13 endoplasms
  2 giant cockroaches (D:4)
  8 hobgoblins
  3 jackals (D:3)
  4 quokkas
  4 ball pythons
  3 bats
  5 frilled lizards
  23 goblins
  16 kobolds
  6 rats
193 creatures vanquished.

Vanquished Creatures (others)
  17 fulminant prisms
  2 plants (D:3)
19 creatures vanquished.

Grand Total: 212 creatures vanquished

Notes
Turn   | Place    | Note
-------+----------+-------------------------------------------
     0 | D:1      | themarg the Tengu Conjurer began the quest for the Orb.
     0 | D:1      | Reached XP level 1. HP: 10/10 MP: 4/4
   273 | D:1      | Reached XP level 2. HP: 15/15 MP: 1/6
   330 | D:1      | Learned a level 2 spell: Searing Ray
   911 | D:1      | Reached XP level 3. HP: 19/19 MP: 3/7
  1287 | D:2      | Noticed Sigmund
  1970 | D:2      | Reached skill level 6 in Conjurations
  2113 | D:2      | Reached XP level 4. HP: 24/24 MP: 3/9
  2729 | D:3      | Found the +3 woodcutter's axe {vorpal}
  2745 | D:3      | Found a blossoming altar of Fedhas.
  2811 | D:3      | Found a faded altar of an unknown god.
  2889 | D:3      | Gained mutation: Your magical nature lets you fly swiftly
                  | and evasively. [Tengu growth]
  2889 | D:3      | Reached XP level 5. HP: 28/28 MP: 7/10
  3278 | D:3      | Found a hazy altar of Hepliaklqana.
  3421 | D:3      | Noticed Robin
  3513 | D:3      | Killed Robin
  3716 | D:4      | Noticed a black bear
  3852 | D:4      | Found an ornate altar of the Wu Jian Council.
  3893 | D:4      | Reached skill level 7 in Conjurations
  3909 | D:4      | Reached XP level 6. HP: 9/32 MP: 5/13
  4431 | D:4      | Killed a black bear
  4432 | D:4      | Reached skill level 8 in Conjurations
  4733 | D:4      | Reached XP level 7. HP: 36/36 MP: 10/15
  4956 | D:4      | Found a hide-covered altar of Uskayaw.
  4980 | D:4      | Identified the +1 ring mail "Nookaep" {Str+2}
  5625 | D:5      | Entered Level 5 of the Dungeon
  5635 | D:5      | Reached skill level 5 in Spellcasting
  5772 | D:5      | Reached skill level 1 in Fighting
  5930 | D:5      | Reached skill level 1 in Hexes
  6076 | D:5      | Reached skill level 9 in Conjurations
  6623 | D:5      | Noticed Prince Ribbit
  6628 | D:5      | Killed Prince Ribbit
  6629 | D:5      | Reached XP level 8. HP: 43/45 MP: 9/16
  6884 | D:6      | Reached skill level 10 in Conjurations
  6984 | D:6      | Reached skill level 5 in Fighting
  7212 | D:6      | Reached skill level 1 in Translocations
  7256 | D:6      | Learned a level 4 spell: Fulminant Prism
  7397 | D:6      | Found a staircase to the Ecumenical Temple.
  7406 | Temple   | Entered the Ecumenical Temple
  7456 | Temple   | Became a worshipper of Vehumet
  7651 | D:6      | Reached XP level 9. HP: 42/54 MP: 10/17
  7656 | D:6      | Learned a level 4 spell: Iskenderun's Mystic Blast
  8055 | D:7      | Found a stormy altar of Qazlal.
  8128 | D:7      | Noticed Menkaure
  8213 | D:7      | Reached skill level 5 in Dodging
  8509 | D:7      | Killed Menkaure
  8510 | D:7      | Reached skill level 11 in Conjurations
  9115 | D:7      | Reached skill level 12 in Conjurations
  9451 | D:7      | Reached * piety under Vehumet
  9451 | D:7      | Offered knowledge of Foxfire by Vehumet.
  9699 | D:8      | Reached skill level 13 in Conjurations
 10195 | D:8      | Reached XP level 10. HP: 50/59 MP: 2/18
 10328 | D:7      | Reached skill level 14 in Conjurations
 10766 | D:8      | Reached skill level 15 in Conjurations
 10784 | D:7      | Slain by an orc warrior

Illustrated notes

Levels and vault maps discovered:
D:1:      minmay_arrival_glassed_features, layout_loops_ring,
          kennysheep_decorative_pillar
D:2:      layout_loops_cross, uniq_sigmund
D:3:      kennysheep_goblin_castle, layout_basic, nzn_hepliaklqana_mist_gate,
          mainiacjoe_overflow_catwalk,
          dreamdust_ecumenical_altar_hidden_monk_grotto, uniq_robin
D:4:      layout_basic, old_standard_altar, mainiacjoe_overflow_cross_hatched,
          hangedman_decor_riveting, minmay_starry_boxes
D:5:      layout_basic, minivault_26, uniq_prince_ribbit1
D:6:      layout_loops_ring, minmay_temple_entry_statues_fountains
D:7:      layout_basic, nicolae_qazlal_scattered_showers, uniq_menkaure
D:8:      layout_cave_pools, mainiacjoe_overflow_tiny_flanked, serial_shops,
          shop, serial_bayou_crossing
Temple:   hellmonk_temple_forest_ring

Skill      XL: |  1  2  3  4  5  6  7  8  9 10 |
---------------+-------------------------------+-----
Stealth        | 3 |  3.0
Conjurations   | 6 7 8 9 10 13 15 | 15.3
Spellcasting   | 3 4 5 |  5.5
Fighting       | 2 5 |  5.0
Hexes          | 2 |  2.0
Translocations | 2 |  2.0
Dodging        | 4 5 |  5.0

Action                   |  1- 3 |  4- 6 |  7- 9 | 10-12 || total
-------------------------+-------+-------+-------+-------++-------
Melee: Dagger            |     5 |       |       |       ||     5
       Kick              |     1 |       |     4 |       ||     5
       Battleaxe         |       |     9 |    12 |     2 ||    23
       Peck              |       |       |     1 |       ||     1
 Cast: Magic Dart        |    53 |    37 |    69 |       ||   159
       Searing Ray       |     8 |    24 |    42 |     2 ||    76
       Fulminant Prism   |       |       |    15 |     2 ||    17
       Iskenderun's Myst |       |       |    12 |    11 ||    23
  Use: Scroll            |       |     6 |       |       ||     6
       Potion            |       |     1 |     2 |     2 ||     5
Armor: Robe              |     5 |     5 |     3 |     3 ||    16
       Skin              |       |     6 |       |     2 ||     8
Dodge: Dodged            |     9 |     9 |    40 |    31 ||    89
